 Dungeon Crawl Stone Soup version 0.29.1-15-g9cfb28693d (webtiles) character file.

Game seed: 15986925992158438081

86948 McKennaii the Zephyrmancer (level 15, -3/99 HPs)
             Began as a Demigod Ice Elementalist on Feb 27, 2023.
             Slain by a warg (12 damage)
             ... on level 1 of the Orcish Mines.
             The game lasted 01:10:57 (35015 turns).

McKennaii the Zephyrmancer (DgIE)                  Turns: 35015, Time: 01:10:58

Health: -3/99      AC: 14    Str:  9    XL:     15   Next: 3%
Magic:  3/37       EV: 10    Int: 37    God:
Gold:   1974       SH:  0    Dex: 20    Spells: 13/40 levels left

rFire   . . .      SeeInvis +   K - +8 lajatang of Ricwapn {elec, rC+ rN+ Dex+3}
rCold   + . .      Faith    .   (shield currently unavailable)
rNeg    + . .      Spirit   .   I - quicksilver dragon scales
rPois   .          Reflect  .   A - +2 hat
rElec   .          Harm     .   g - scarf {repulsion}
rCorr   .          Rampage  .   o - +1 pair of gloves {Dex+3}
Will    ++...                   O - +0 pair of boots
Stlth   ++........              q - amulet of magic regeneration
HPRegen 0.26/turn               f - ring of see invisible
MPRegen 0.65/turn               n - +4 ring of slaying

@: repel missiles
A: high MP 1, forlorn, divine attributes
a: no special abilities


You were on level 1 of the Orcish Mines.
You visited 3 branches of the dungeon, and saw 22 of its levels.
You also visited: Sewer and Bailey.

You collected 1974 gold pieces.

Inventory:

Hand Weapons
 s - a +4 vorpal spear
 J - a +1 vampiric halberd
 K - the +8 lajatang of Ricwapn (weapon) {elec, rC+ rN+ Dex+3}
   (You found it on level 7 of the Dungeon)

   It occasionally discharges a powerful burst of electricity upon striking a
   foe.
   Dex:       It affects your dexterity (+3).
   rC:        It protects you from cold.
   rN:        It protects you from negative energy.
 X - the +11 war axe of Xom {venom, rF+ Stlth+}
   (You found it on level 11 of the Dungeon)

   It poisons the flesh of those it strikes.
   rF:        It protects you from fire.
   Stlth:     It makes you more stealthy.
Armour
 a - a +2 robe of cold resistance
 g - a scarf of repulsion (worn)
 i - a +3 ring mail of poison resistance
 o - a +1 pair of gloves of dexterity (worn)
 A - a +2 hat (worn)
 I - quicksilver dragon scales (worn)
 O - a +0 pair of boots (worn)
Jewellery
 f - a ring of see invisible (left hand)
 n - a +4 ring of slaying (right hand)
 q - an amulet of magic regeneration (around neck)
 T - a ring of resist corrosion
 Z - a +6 ring of strength
Wands
 y - a wand of paralysis (7)
 E - a wand of digging (7)
 P - a wand of iceblast (7)
 W - a wand of light (5)
 Y - a wand of flame (11)
Scrolls
 c - a scroll of summoning
 d - a scroll of brand weapon
 e - 3 scrolls of magic mapping
 h - 4 scrolls of vulnerability
 j - 4 scrolls of poison
 k - 5 scrolls of amnesia
 l - 2 scrolls of immolation
 m - 3 scrolls of blinking
 v - 2 scrolls of torment {unknown}
 w - 3 scrolls of enchant weapon {unknown}
 x - 4 scrolls of butterflies {unknown}
 z - a scroll of silence {unknown}
 C - 2 scrolls of noise {unknown}
 D - 3 scrolls of fear {unknown}
 R - 2 scrolls of teleportation
 U - 4 scrolls of identify
 V - a scroll of enchant armour {unknown}
Potions
 b - 4 potions of magic
 p - 7 potions of might
 r - 12 potions of curing
 t - a potion of heal wounds
 u - 2 potions of attraction
 B - 4 potions of haste {unknown}
 F - 2 potions of ambrosia {unknown}
 G - 4 potions of mutation {unknown}
 H - 4 potions of invisibility {unknown}
 L - 5 potions of brilliance {unknown}
 M - 2 potions of flight {unknown}
 N - 3 potions of lignification {unknown}
 Q - 2 potions of resistance {unknown}
 S - a potion of cancellation {unknown}


   Skills:
 - Level 1.7 Dodging
 - Level 1.7 Stealth
 + Level 13.3 Spellcasting
 + Level 13.5 Conjurations
 - Level 10.4 Ice Magic
 + Level 13.9 Air Magic


You had 13 spell levels left.
You knew the following spells:

 Your Spells              Type           Power      Damage    Failure   Level
a - Freeze                Ice            100%       1d11      1%          1
b - Frozen Ramparts       Ice            100%       1d16      1%          3
c - Ozocubu's Armour      Ice            80%        N/A       1%          3
d - Hailstorm             Conj/Ice       85%        3d17      1%          4
e - Airstrike             Air            45%        2d(7-23)  1%          4
f - Orb of Destruction    Conj           45%        9d12      14%         7
g - Lightning Bolt        Conj/Air       45%        1d65      1%          5

Your spell library contained the following spells:

 Spells                   Type           Power      Damage    Failure   Level
 Ensorcelled Hibernation  Hex/Ice        100%       N/A       1%          2
 Poisonous Vapours        Pois/Air       100%       N/A       1%          2
 Conjure Flame            Conj/Fire      65%        6-21      1%          3
 Mephitic Cloud           Conj/Pois/Air  75%        N/A       1%          3
 Swiftness                Air            91%        N/A       1%          3
 Iskenderun's Battlesphe  Conj           90%        2d14      1%          5
 Sticky Flame             Conj/Fire      65%        2d8       2%          4
 Summon Lightning Spire   Summ/Air       66%        N/A       2%          4
 Conjure Ball Lightning   Conj/Air       45%        3x3d16    2%          6
 Corpse Rot               Necr/Pois/Air  56%        N/A       6%          4
 Passwall                 Tmut/Erth      20%        N/A       7%          2
 Silence                  Hex/Air        33%        N/A       7%          5
 Fireball                 Conj/Fire      32%        3d14      8%          5
 Ignite Poison            Fire/Tmut/Pois 24%        N/A       13%         3
 Metabolic Englaciation   Hex/Ice        29%        N/A       14%         5
 Animate Dead             Necr           24%        N/A       41%         4
 Passage of Golubria      Tloc           24%        N/A       41%         4
 Simulacrum               Ice/Necr       29%        N/A       61%         6
 Borgnjor's Vile Clutch   Necr/Erth      12%        N/A       77%         5
 Death Channel            Necr           12%        N/A       100%        6
 Dispersal                Tloc           12%        N/A       100%        6
 Haunt                    Necr/Summ      12%        N/A       100%        7
 Disjunction              Tloc           12%        N/A       100%        8
 Infestation              Necr           12%        N/A       100%        8
 Lehudib's Crystal Spear  Conj/Erth      32%        10d8      100%        8
 Chain Lightning          Conj/Air       45%        3d60      100%        9


Dungeon Overview and Level Annotations

Branches:
Dungeon (15/15)            Temple (0/1) D:5            Lair (5/5) D:10
 Shoals (0/4) Lair:2       Spider (0/4) Lair:2        Slime (0/5) Lair:5
    Orc (2/2) D:12         Vaults (0/5) D:14         Depths (0/4) D:15
  Sewer (visited)          Bailey (visited)
    Elf: Orc:2

Annotations:
Lair:4 3 runed translucent doors, Jiots's ghost, journeyman DsHW
Lair:5 1 runed translucent door
Orc:1 Honoiw's ghost, journeyman MfGl


Innate Abilities, Weirdness & Mutations

You have an increased reservoir of magic. (+10% MP)
You shall have no god before yourself.
Your divine heritage dramatically boosts your attributes as you level up.


Message History

* * * LOW HITPOINT WARNING * * *
The warg bites you.
* * * LOW HITPOINT WARNING * * *
The warg misses you.
Unknown command.
Unknown command.
Blink to where?
Press: ? - help, Dir - move target
As you read the scroll of blinking, it crumbles to dust.
Casting: Hailstorm (safe; 1% risk of failure)
Confirm with . or Enter, or press ? or * to list all spells.
Aiming: Airstrike (safe; 1% risk of failure)
Press: ? - help, Dir - move target, f - orc knight
Aim: an orc knight, wielding a +0 great sword and wearing a +0 chain mail (severely wounded, empty space bonus: 7/8)
The air twists around and strikes the orc knight!
The orc knight is almost dead.
Unknown command.
Casting: Airstrike (safe; 1% risk of failure)
Confirm with . or Enter, or press ? or * to list all spells.
Aiming: Airstrike (safe; 1% risk of failure)
Press: ? - help, Dir - move target, f/p - orc knight
Aim: an orc knight, wielding a +0 great sword and wearing a +0 chain mail (almost dead, empty space bonus: 7/8)
The air twists around and strikes the orc knight!!
You kill the orc knight!
Unknown command.
Unknown command.
The warg pauses to sniff the ground.
The sentinel's mark upon you fades away.
The warg attacks as you move away! The warg bites you.
* * * LOW HITPOINT WARNING * * *
Okay, then.
Casting: Airstrike (safe; 1% risk of failure)
Confirm with . or Enter, or press ? or * to list all spells.
Aiming: Lightning Bolt (mildly dangerous; 1% risk of failure)
Press: ? - help, Shift-Dir - straight line You hear a mighty clap of thunder!
The bolt of lightning misses the warg.
The bolt of lightning hits the warg!
You kill the warg!
The warg bites you!
You die...

#.........########.## #.).....#
##.........#.##.#...#######'''###
.............)...#..##.##........
.........).#.#..........#........
.###......###.......##.###.......
...........###.###.######......#.
............#####....#.#...#...##
.........#....#.#................
.....######.....@h.....#.........
.....#....####....†.......#.()[..
..#....~≈....###...........#[....
..##..~~≈≈~~..###.............##.
..##.~~.~≈≈≈~..##......#.........
..##~~≈~~..≈≈...#................
..##≈≈≈.....≈≈≈≈##...........)...
..###≈...)...≈≈≈##.............§.
..# ##.........###...............


You could see a warg.

Vanquished Creatures
  A stone giant (D:15)
  3 boulder beetles
  7 hydras
  4 vault guards (D:14)
  The ghost of MacCMillion the Grappler, a novice TrFi (D:11)
  A centaur warrior (D:13)
  A catoblepas (Lair:1)
  A death knight (D:15)
  A merfolk avatar (Lair:5)
  4 two-headed ogres
  An ogre mage (D:14)
  5 tengu warriors
  Sonja (D:12)
  A soul eater (D:11)
  A deep elf knight (D:14)
  Amaemon (Lair:3)
  5 skeletal warriors
  A sixfirhy (D:11)
  A sea snake (Lair:5)
  2 wizards (D:14)
  3 harpies (Lair:5)
  A deep elf pyromancer (D:15)
  3 orc knights
  2 orc sorcerers (Orc:1)
  A cyclops (D:13)
  5 manticores
  2 torpor snails
  15 elephants
  2 orange demons
  10 cane toads
  2 rust devils
  3 black mambas
  2 efreet (D:14)
  3 gargoyles
  4 unseen horrors
  2 yaktaurs (D:14)
  9 rime drakes
  A tengu conjurer (D:13)
  7 komodo dragons
  6 kobold demonologists
  A freezing wraith (D:14)
  A hellwing (D:11)
  2 red devils (D:11)
  An ice devil (D:11)
  3 trolls
  A wind drake (Lair:5)
  5 polar bears
  3 hornets (Lair:5)
  A snapping turtle (Lair:5)
  29 blink frogs
  5 slime creatures (D:15)
  5 dream sheep (Lair:5)
  A vampire (Bailey)
  A jumping spider (Lair:2)
  2 wraiths
  3 shadows
  15 wyverns
  59 yaks
  4 steam dragons
  11 basilisks
  20 vampire mosquitoes
  5 wargs
  7 water moccasins
  An acid dragon (D:12)
  A sky beast (D:8)
  8 orc warriors
  2 black bears (Lair:3)
  An ice beast (D:7)
  A wolf (shapeshifter) (D:14)
  19 wolves
  6 centaurs
  5 ogres
  2 kobold brigands
  9 bullfrogs
  A scorpion (D:6)
  5 wights (D:10)
  9 killer bees
  7 howler monkeys
  4 wolf zombies (Bailey)
  2 electric eels
  7 vampire bats (Bailey)
  A crimson imp (D:8)
  The ghost of vampirul the Digger, a weakling GrEE (D:3)
  2 quasits (D:11)
  8 hounds
  2 jellies
  11 orc priests
  A gnoll bouda (D:4)
  5 iguanas
  10 orc wizards
  5 hell rats (Lair:3)
  4 gnolls (D:4)
  13 adders
  7 river rats (Sewer)
  A shadow imp (D:6)
  14 white imps
  2 ufetubi
  A dart slug (D:2)
  4 worms
  60 orcs
  21 ball pythons
  9 endoplasms
  3 giant cockroaches (D:1)
  11 goblins
  7 hobgoblins
  8 jackals
  7 quokkas
  8 bats
  12 frilled lizards
  A goblin skeleton (D:8)
  2 goblin zombies (D:8)
  3 hobgoblin zombies (D:8)
  23 kobolds
  A kobold skeleton (D:8)
  A kobold zombie (D:8)
  23 orc zombies
  29 rats
722 creatures vanquished.

Vanquished Creatures (collateral kills)
  A deep elf pyromancer (D:14)
1 creature vanquished.

Vanquished Creatures (others)
  4 demonic plants (D:11)
  39 fungi
  67 plants
110 creatures vanquished.

Grand Total: 833 creatures vanquished

Notes
Turn   | Place    | Note
-------+----------+-------------------------------------------
     0 | D:1      | McKennaii the Demigod Ice Elementalist began the quest for
                  | the Orb.
     0 | D:1      | Reached XP level 1. HP: 14/14 MP: 5/5
   482 | D:1      | Reached XP level 2. HP: 18/20 MP: 3/7
  1097 | D:1      | Reached XP level 3. HP: 26/26 MP: 7/9
  1644 | D:2      | Learned a level 3 spell: Frozen Ramparts
  1648 | D:2      | Learned a level 3 spell: Ozocubu's Armour
  2586 | D:3      | Noticed an earth elemental
  2588 | D:3      | Noticed an air elemental
  2589 | D:3      | Noticed a fire elemental
  2589 | D:3      | Noticed a water elemental
  2686 | D:3      | Reached XP level 4. HP: 25/33 MP: 1/11
  2932 | D:3      | Found Dymiov's Vocational Training.
  3405 | D:3      | Found a runed translucent gate.
  3405 | D:3      | Found a runed translucent gate.
  3405 | D:3      | Found a runed translucent gate.
  3405 | D:3      | Noticed vampirul's ghost (weakling GrEE)
  3668 | D:4      | Reached skill level 5 in Ice Magic
  3668 | D:4      | Reached XP level 5. HP: 33/38 MP: 5/13
  4048 | D:4      | Reached XP level 6. HP: 40/45 MP: 1/15
  4293 | D:4      | Learned a level 4 spell: Hailstorm
  4946 | D:5      | Entered Level 5 of the Dungeon
  5035 | D:5      | Noticed a +0 dagger
  5036 | D:5      | Noticed a +0 spear
  5036 | D:5      | Noticed a +0 falchion
  5037 | D:5      | Noticed a +0 short sword
  5037 | D:5      | Noticed a +0 falchion
  5037 | D:5      | Noticed a +0 dagger
  5038 | D:5      | Noticed a +0 short sword
  5039 | D:5      | Noticed a +0 spear
  5150 | D:5      | Found a staircase to the Ecumenical Temple.
  5541 | D:5      | Reached skill level 1 in Conjurations
  5936 | D:3      | Reached XP level 7. HP: 47/50 MP: 6/17
  5936 | D:3      | Killed vampirul's ghost
  6156 | D:6      | Found a glowing drain.
  6165 | Sewer    | Entered a sewer
  6554 | Sewer    | Reached skill level 5 in Spellcasting
  7521 | D:6      | Reached XP level 8. HP: 27/57 MP: 15/20
  8236 | D:7      | Found a flagged portal.
  8359 | Bailey   | Entered a bailey
  9508 | Bailey   | Noticed a gargoyle
  9531 | Bailey   | Killed a gargoyle
  9532 | Bailey   | Reached skill level 5 in Conjurations
  9633 | Bailey   | Reached XP level 9. HP: 62/62 MP: 2/22
 10011 | D:7      | Identified the +8 lajatang of Ricwapn {elec, rC+ rN+ Dex+3}
 10056 | D:7      | Identified the +2 dagger of Clean Defiance {vorpal, rN+
                  | Dex+3}
 10141 | D:7      | Got Neusanu's Codex of Coordinates and the Storm
 10147 | D:7      | Learned a level 4 spell: Airstrike
 10319 | D:7      | Reached skill level 1 in Air Magic
 10666 | D:8      | Noticed a two-headed ogre
 11047 | D:8      | Killed a two-headed ogre
 11166 | D:8      | Identified the +1 leather armour "Sicsones" {Rampage Int+8
                  | Dex-4 Stlth+}
 11404 | D:9      | Noticed a boulder beetle
 11673 | D:9      | Reached XP level 10. HP: 48/69 MP: 14/25
 12639 | D:9      | Killed a boulder beetle
 12873 | D:10     | Entered Level 10 of the Dungeon
 13540 | D:10     | Found a staircase to the Lair.
 13726 | D:10     | Reached skill level 5 in Air Magic
 14482 | D:11     | Noticed a boulder beetle
 14482 | D:11     | Found a large runed translucent door.
 14482 | D:11     | Found a large runed translucent door.
 14497 | D:10     | HP: 1/69 [boulder beetle (42)]
 14883 | D:10     | Killed a boulder beetle
 14884 | D:10     | Reached skill level 10 in Ice Magic
 14884 | D:10     | Reached XP level 11. HP: 13/74 MP: 8/28
 15157 | Lair:1   | Entered Level 1 of the Lair of Beasts
 16046 | Lair:1   | Noticed a catoblepas
 16053 | Lair:1   | Killed a catoblepas
 16949 | Lair:2   | Found a hole to the Spider Nest.
 17553 | Lair:2   | Found a staircase to the Shoals.
 18608 | Lair:3   | Reached XP level 12. HP: 81/81 MP: 21/30
 18721 | Lair:3   | Noticed a five-headed hydra
 18732 | Lair:3   | Noticed a seven-headed hydra
 18735 | Lair:3   | Killed a five-headed hydra
 19050 | Lair:3   | Reached skill level 10 in Spellcasting
 19860 | Lair:3   | Killed a seven-headed hydra
 19861 | Lair:3   | Reached skill level 10 in Conjurations
 20405 | Lair:3   | Reached skill level 10 in Air Magic
 20749 | Lair:3   | Learned a level 7 spell: Orb of Destruction
 20868 | Lair:3   | Noticed Amaemon
 20876 | Lair:3   | Killed Amaemon
 21966 | Lair:4   | Reached XP level 13. HP: 76/86 MP: 26/32
 22074 | Lair:4   | Noticed Jiots's ghost (journeyman DsHW)
 22538 | Lair:4   | Found a runed translucent gate.
 22538 | Lair:4   | Found a runed translucent gate.
 22538 | Lair:4   | Found a runed translucent gate.
 22623 | Lair:5   | Entered Level 5 of the Lair of Beasts
 24812 | Lair:5   | Found a runed translucent door.
 24814 | Lair:5   | Noticed an acid blob
 24814 | Lair:5   | Noticed an acid blob
 24815 | Lair:5   | Found a staircase to the Slime Pits.
 25026 | Lair:5   | Identified the +12 flail "Lyih" {vorpal, Dex+3}
 25914 | D:11     | Noticed MacCMillion's ghost (novice TrFi)
 25944 | D:11     | Reached XP level 14. HP: 93/93 MP: 27/35
 26354 | D:11     | Identified the +11 war axe of Xom {venom, rF+ Stlth+}
 26525 | D:11     | Killed MacCMillion's ghost
 26922 | D:12     | Noticed Sonja
 26926 | D:12     | Killed Sonja
 26998 | D:12     | Learned a level 5 spell: Lightning Bolt
 27365 | D:12     | Found a staircase to the Orcish Mines.
 29540 | D:14     | Identified the +0 pair of gloves of Antique Leaves {Slay+2}
 29555 | D:14     | Identified the +5 falchion of the Forsaken Coins
                  | {antimagic, rC+ Str+3}
 31652 | D:14     | Found a gate to the Vaults.
 31775 | D:15     | Entered Level 15 of the Dungeon
 33431 | D:15     | Found a staircase to the Depths.
 33531 | Orc:1    | Entered Level 1 of the Orcish Mines
 33531 | Orc:1    | Found a runed translucent gate.
 33531 | Orc:1    | Found a runed translucent gate.
 33540 | Orc:1    | Noticed Honoiw's ghost (journeyman MfGl)
 34000 | Orc:1    | Found a runed translucent gate.
 34289 | Orc:1    | Reached XP level 15. HP: 99/99 MP: 3/37
 34952 | Orc:1    | Identified the +6 arbalest "Spiderslayer" {penet, Str+2
                  | Int+3}
 34979 | Orc:2    | Entered Level 2 of the Orcish Mines
 35015 | Orc:1    | Slain by a warg

Illustrated notes

Levels and vault maps discovered:
D:1:      moated_graveyard_arrival, layout_loops_cross,
          dreamdust_ecumenical_altar_statues, minmay_tetromino_i2
D:2:      layout_loops_cross, kennysheep_boxes
D:3:      layout_loops_ring, nicolae_qazlal_style_of_elements,
          biasface_ghost_orc_armoury, nicolae_shop_vocational
D:4:      kennysheep_goblin_castle, layout_basic, minmay_misc_feat_roman,
          minmay_misc_feat_square
D:5:      layout_loops_ring, nicolae_uskayaw_en_pointe, amcnicky_altar_gilded,
          minmay_temple_entry_crystal_x, kennysheep_path_1
D:6:      layout_cave_pods, nemelex_diamond_rough_becter, portal_sewer_entry_d
D:7:      layout_loops_ring, nicolae_overflow_two_pavilions, enter_bailey_2,
          skrybe_limestone_x
D:8:      layout_rooms, nicolae_tso_besieged_by_evil, nicolae_vehumet_radiance
D:9:      layout_cave_pods, minivault_4
D:10:     layout_small_grid, grunt_dithmenos_smoke, erik_lair_island
D:11:     layout_rooms, serial_demonic, serial_demonic_a, serial_demonic_f,
          serial_demonic_d, serial_demonic_b, ebering_ghost_disaster_area,
          nicolae_wu_jian_wuxing_cycle
D:12:     layout_loops_ring, hiddenorc1_lemuel, uniq_sonja
D:13:     layout_basic
D:14:     layout_rooms, grunt_vaults_entry_fortified
D:15:     grunt_enter_depths_snipers, layout_loops_corners,
          wad_floor_pattern_untrapped
Lair:1:   layout_hall_layers, grunt_megastairs_3
Lair:2:   layout_cave_pods, shoals_dummy_entry, spider_nest_entry_rubble,
          minivault_19
Lair:3:   layout_roguey [special_room_mythical_zoo], gammafunk_lair_bear_cave,
          uniq_amaemon
Lair:4:   cheibrodos_magma_flow, layout_loops_ring, gammafunk_ghost_icy
Lair:5:   gammafunk_lair_ancient_temple, layout_hall_layers, slime_entry_2,
          portal_ice_cave_entry_imps
Orc:1:    layout_caves, ebering_ghost_rock_garden, mines_bat_river
Orc:2:    st_orc_town, layout_caves

Skill      XL: |  1  2  3  4  5  6  7  8  9 10 11 12 13 14 |
---------------+-------------------------------------------+-----
Spellcasting   | 2 3 4 5 6 7 8 9 10 12 13 | 13.3
Ice Magic      | 4 5 6 7 8 9 10 | 10.4
Conjurations   | 1 3 5 6 7 9 10 12 13 | 13.5
Air Magic      | 3 5 8 10 12 13 | 13.9
Dodging        | |  1.7
Stealth        | |  1.7

Action                   |  1- 3 |  4- 6 |  7- 9 | 10-12 | 13-15 || total
-------------------------+-------+-------+-------+-------+-------++-------
Melee: Unarmed           |     9 |       |       |       |       ||     9
       Spear             |       |   114 |   217 |       |       ||   331
       Punch             |       |     2 |     1 |       |       ||     3
       Lajatang          |       |       |    50 |   183 |   114 ||   347
 Cast: Freeze            |    90 |    21 |    29 |       |     3 ||   143
       Frozen Ramparts   |       |    17 |    33 |    35 |    39 ||   124
       Ozocubu's Armour  |       |     6 |    18 |    32 |    26 ||    82
       Hailstorm         |       |       |    14 |    43 |    35 ||    92
       Airstrike         |       |       |       |   140 |   409 ||   549
       Lightning Bolt    |       |       |       |       |    60 ||    60
Evoke: Wand              |       |       |     3 |    12 |     8 ||    23
  Use: Scroll            |       |       |    10 |     4 |    12 ||    26
       Potion            |       |       |       |       |     4 ||     4
 Stab: Sleeping          |       |     7 |     7 |       |     1 ||    15
       Distracted        |       |     1 |       |       |       ||     1
       Paralysed         |       |       |     1 |     7 |       ||     8
Armor: Robe              |    27 |    29 |   105 |       |       ||   161
       Quicksilver drago |       |       |    18 |   190 |   158 ||   366
Dodge: Dodged            |    48 |    79 |   219 |   160 |   158 ||   664
       Repelled          |     1 |     1 |       |     3 |     6 ||    11
